Map: [ESL] Data-C

Players

Rhizer - Winner!

  • Race: Protoss Protoss
  • Spawn Location: 9:00

Nerosus

  • Race: Zerg Zerg
  • Spawn Location: 3:00

Event: DreamHack SC2 Masters 2022 Atlanta (Offline)

VOD

Have the link to the VOD?

Description

Time

  • Played on: Nov. 18, 2022, 10:50 a.m.
  • Length: 8:13

All games in this series

Show
View Real Time Build Order
Export as new Build Order

Rhizer Protoss - Winner!

Build Orders: Oracle Opening 

Get SALT Encoding   

  12  0:00  Probe  
  13  0:12  Probe  
  14  0:19  Pylon  
  14  0:24  Probe  
  15  0:37  Probe (Chrono Boost)  
  15  0:40  Gateway  
  16  0:46  Probe (Chrono Boost)  
  17  0:51  Assimilator  
  17  0:52  Probe  
  18  1:04  Probe  
  19  1:14  Gateway  
  19  1:16  Pylon  
  20  1:28  Cybernetics Core  
  20  1:29  Zealot (Chrono Boost)  
  21  1:35  Probe  
  22  1:47  Probe  
  22  1:48  Zealot (Chrono Boost)  
  25  2:02  Probe  
  28  2:13  Adept (Chrono Boost)  
  28  2:14  Adept (Chrono Boost)  
  29  2:24  Probe  
  28  2:32  Nexus  
  28  2:40  Probe  
  28  2:42  Assimilator  
  29  2:47  Pylon  
  29  2:56  Stargate  
  29  2:59  Probe  
  29  3:03  Warp Gate  
  30  3:11  Probe (Chrono Boost)  
  31  3:24  Probe (Chrono Boost)  
  32  3:30  Probe (Chrono Boost)  
  32  3:33  Stalker  
  35  3:38  Probe  
  36  3:43  Oracle (Chrono Boost)  
  36  3:48  Probe  
  40  3:50  Probe  
  41  4:00  Probe  
  41  4:02  Probe  
  43  4:12  Nexus, Probe  
  43  4:14  Probe  
  43  4:15  Pylon  
  45  4:17  Oracle (Chrono Boost)  
  48  4:24  Probe  
  48  4:28  Probe  
  50  4:36  Probe  
  50  4:38  Assimilator  
  49  4:39  Assimilator  
  49  4:40  Probe (Chrono Boost)  
  49  4:45  Shield Battery  
  48  4:47  Oracle  
  53  4:53  Probe (Chrono Boost)  
  53  4:54  Probe (Chrono Boost)  
  53  5:00  Stalker  
  53  5:01  Probe (Chrono Boost)  
  53  5:04  Shield Battery, Probe (Chrono Boost)  
  57  5:07  Probe  
  57  5:09  Pylon  
  57  5:13  Probe  
  59  5:19  Probe  
  60  5:22  Twilight Council  
  60  5:26  Probe (Chrono Boost)  
  60  5:28  Probe (Chrono Boost)  
  62  5:30  Forge  
  62  5:31  Probe (Chrono Boost)  
  62  5:33  Stalker  
  65  5:38  Probe (Chrono Boost)  
  65  5:42  Probe (Chrono Boost)  
  68  5:43  Probe (Chrono Boost)  
  68  5:45  Probe (Chrono Boost), Pylon  
  68  5:47  Probe (Chrono Boost)  
  70  5:50  Probe  
  70  5:52  Protoss Ground Weapons Level 1 (Chrono Boost), Probe  
  70  5:56  Stalker  
  74  5:57  Probe, Stalker  
  74  5:58  Blink (Chrono Boost)  
  74  6:02  Probe  
  75  6:04  Probe  
  75  6:09  Probe  
  77  6:14  Gateway  
  77  6:16  Gateway  
  77  6:18  Probe  
  78  6:19  Probe  
  78  6:20  Gateway  
  78  6:24  Stalker  
  81  6:25  Stalker  
  81  6:31  Probe x3  
  86  6:36  Pylon  
  86  6:39  Photon Cannon  
  86  6:41  Pylon  
  86  6:43  Probe  
  86  6:46  Probe  
  88  6:51  Nexus  
  88  6:52  Templar Archives  
  88  6:54  Assimilator  
  88  6:58  Assimilator  
  88  7:01  Probe x2  
  90  7:05  Photon Cannon  
  90  7:07  Shield Battery  
  90  7:11  Stalker x2  
  94  7:21  Stalker x3  
  100  7:25  Probe  
  101  7:30  Pylon x2  
  101  7:32  Forge  
  101  7:35  Pylon  
  101  7:38  Stalker x2  
  105  7:49  Stalker x3  
  111  7:52  Probe  
Show
View Real Time Build Order
Export as new Build Order

Nerosus Zerg 

Build Orders: Pool First 

Get SALT Encoding   

  12  0:18  Spawning Pool  
  11  0:22  Drone  
  11  0:27  Drone  
  13  0:31  Drone  
  14  0:39  Overlord  
  14  1:04  Zergling x2  
  14  1:05  Zergling x2  
  14  1:06  Zergling x2  
  17  1:18  Hatchery  
  16  1:21  Zergling x2  
  17  1:28  Zergling x2  
  18  1:40  Queen  
  18  1:46  Drone  
  21  1:49  Overlord  
  20  2:20  Drone x2  
  19  2:26  Drone  
  20  2:30  Queen x2  
  20  2:34  Zergling x4, Extractor  
  25  2:43  Drone  
  25  2:44  Drone  
  27  2:51  Zergling x2  
  27  2:53  Drone x2  
  30  3:07  Drone x4  
  34  3:26  Drone x2  
  36  3:31  Overlord  
  36  3:39  Hatchery  
  35  3:46  Drone  
  36  3:49  Queen  
  38  3:56  Drone x3  
  38  4:02  Metabolic Boost  
  37  4:11  Drone x2  
  37  4:12  Drone  
  39  4:24  Zergling x2  
  36  4:43  Drone x6  
  42  4:46  Lair  
  42  4:50  Spore Crawler  
  41  4:53  Spore Crawler  
  41  5:00  Drone x3  
  41  5:04  Overlord  
  41  5:05  Drone  
  41  5:17  Drone x6  
  45  5:25  Drone x4  
  48  5:34  Spore Crawler  
  48  5:35  Drone x4  
  51  5:44  Drone x4  
  51  5:47  Overlord  
  53  6:05  Spore Crawler  
  53  6:06  Drone x5  
  57  6:12  Overlord x3  
  57  6:14  Evolution Chamber  
  56  6:22  Overlord  
  56  6:25  Drone  
  57  6:30  Queen  
  59  6:33  Drone x8  
  59  6:38  Queen  
  69  6:43  Zergling x6  
  69  6:44  Zergling x8  
  69  6:46  Overlord  
  76  6:48  Overseer  
  76  6:58  Hatchery  
  75  7:07  Overseer  
  75  7:13  Baneling Nest, Extractor  
  75  7:15  Extractor  
  72  7:19  Drone x5  
  72  7:21  Drone x2, Extractor  
  78  7:22  Extractor  
  78  7:24  Drone x6  
  83  7:34  Zergling x2, Hatchery  
  83  7:35  Zergling x4  
  82  7:46  Zergling x14  
  87  7:54  Zergling x10  
Tags
 
Add a new tag
Caveats
  • Supply blocks, unpowered buildings, or Contaminate may cause inaccurate times.
  • Supply counts are checked every 10 seconds.